 Dungeon Crawl Stone Soup version 0.19.1-28-ge1247f7 (webtiles) character file.

204 Gargoyl the Skirmisher (level 5, -1/46 HPs)
             Began as a Ghoul Abyssal Knight on Jan 21, 2017.
             Was a Believer of Lugonu.
             Slain by a gnoll (6 damage)
             ... on level 4 of the Dungeon.
             The game lasted 00:06:10 (3349 turns).

Gargoyl the Skirmisher (Ghoul Abyssal Knight)       Turns: 3349, Time: 00:06:11

Health: -1/46      AC: 11    Str: 16    XL:     5   Next: 82%
Magic:  6/6        EV:  7    Int:  7    God:    Lugonu [**....]
Gold:   218        SH:  0    Dex:  9    Spells: 0 memorised, 4 levels left

rFire  . . .     SeeInvis .     a - +1 hand axe
rCold  + . .     Gourm    .     d - +0 chain mail
rNeg   + + +     Faith    .     (no shield)
rPois  ∞         Spirit   .     k - +1 hat
rElec  .         Reflect  .     (no cloak)
rCorr  .         Harm     .     (no gloves)
MR     .....                    g - +0 pair of boots
Stlth  ..........               (no amulet)
                                (no ring)
                                (no ring)

@: rotting
A: rotting body, claws 1, carnivore 3, cold resistance 1, negative energy
resistance 3, slow regeneration 1, torment resistance, unbreathing
a: Depart the Abyss, Bend Space, Renounce Religion


You were on level 4 of the Dungeon.
You worshipped Lugonu.
Lugonu was pleased with you.
You were not hungry.

You visited 1 branch of the dungeon, and saw 4 of its levels.
You visited the Abyss 1 time.

You collected 218 gold pieces.

Inventory:

Hand Weapons
 a - a +1 hand axe (weapon)
 p - a +3 long sword of flaming
Missiles
 x - 6 silver tomahawks (quivered)
Armour
 d - a +0 chain mail (worn)
 g - a +0 pair of boots (worn)
 k - a +1 hat (worn)
Wands
 f - a wand of acid (7/15)
 r - a wand of iceblast (5/15)
Scrolls
 l - a scroll of blinking
 m - 2 scrolls of identify
 s - a scroll of remove curse
 t - a scroll of fog {unknown}
Potions
 b - 2 potions of heal wounds {unknown}
 e - 2 potions of lignification {unknown}
 h - 2 potions of curing {unknown}
 i - 3 potions of agility {unknown}
 j - a potion of berserk rage {unknown}
 n - a potion of mutation {unknown}
 o - a potion of magic {unknown}
 u - a potion of might {unknown}
 v - a potion of haste {unknown}
Comestibles
 c - a meat ration
 q - a beef jerky


   Skills:
 + Level 4.0 Fighting
 + Level 2.9 Axes
 * Level 3.6 Armour
 + Level 1.2 Dodging
 * Level 3.1 Invocations


You had 4 spell levels left.
You didn't know any spells.

Dungeon Overview and Level Annotations

Branches:
Dungeon (4/15)
 Temple: D:4-7

Altars:
Hepliaklqana
Yredelemnul
Zin


Innate Abilities, Weirdness & Mutations

Your body is rotting away.
You thrive on raw meat.
You are immune to poison.
You have sharp fingernails.
You are carnivorous and can eat meat at any time.
Your flesh is cold resistant. (rC+)
You are immune to negative energy. (rN+++)
You regenerate slowly when monsters are visible.
You are immune to unholy pain and torment.
You can survive without breathing.


Message History

The gnoll hits you but does no damage. The gnoll barely misses you.
There is an open door here.
You completely miss the gnoll.
The gnoll hits you from afar with a halberd!
The gnoll hits you but does no damage. The gnoll barely misses you.
You hit the gnoll but do no damage. You barely miss the gnoll.
The gnoll hits you from afar with a spear.
The gnoll hits you from afar with a halberd.
The gnoll hits you. The gnoll barely misses you.
Unknown command.
You barely miss the gnoll. You closely miss the gnoll.
The gnoll hits you but does no damage. The gnoll hits you.
The gnoll hits you from afar with a halberd.
The gnoll hits you with a halberd. The gnoll misses you.
You barely miss the gnoll. You closely miss the gnoll.
The gnoll barely misses you.
The gnoll hits you from afar with a halberd!
* * * LOW HITPOINT WARNING * * *
The gnoll barely misses you. The gnoll closely misses you. The gnoll hits you.
You die...

##.......##
#.........#
+.........+
#.........#
#.......#
#..gg.# #.gg#
#@# #######.#
#.......#
#.####..##
##...##
###.###.....#
............#
###.####..#.#
#.####..#...


You could see 4 gnolls.

Vanquished Creatures
  2 worker ants
  5 adders
  3 gnolls (D:3)
  An ooze (D:2)
  A worm (D:4)
  3 dart slugs
  2 leopard geckos (D:1)
  An orc (D:3)
  5 bats
  A giant cockroach (D:3)
  11 hobgoblins
  6 jackals
  7 kobolds
  3 quokkas (D:2)
  A ball python (D:3)
  A frilled lizard (D:1)
  8 goblins
  4 rats
65 creatures vanquished.

Notes
Turn   | Place    | Note
-------+----------+-------------------------------------------
     0 | Abyss:1  | Gargoyl the Ghoul Abyssal Knight began the quest for the Orb.
     0 | Abyss:1  | Reached XP level 1. HP: 19/19 MP: 1/1
    55 | Abyss:2  | Noticed a small abomination
    64 | D:1      | Escaped the Abyss
   268 | D:1      | Reached * piety under Lugonu
   329 | D:1      | Reached XP level 2. HP: 24/26 MP: 2/2
   666 | D:1      | Reached XP level 3. HP: 21/31 MP: 3/3
  1348 | D:2      | Reached skill level 1 in Dodging
  1348 | D:2      | Reached XP level 4. HP: 39/39 MP: 4/4
  1473 | D:2      | Reached ** piety under Lugonu
  1569 | D:2      | You fall through a shaft for 2 floors!
  1600 | D:4      | Found a basalt altar of Yredelemnul.
  1775 | D:3      | Reached XP level 5. HP: 22/46 MP: 6/6
  1996 | D:2      | Found a glowing silver altar of Zin.
  2566 | D:3      | Reached skill level 4 in Fighting
  3129 | D:4      | Found a hazy altar of Hepliaklqana.
  3349 | D:4      | Slain by a gnoll

Skill      XL: |  1  2  3  4  5 |
---------------+----------------+-----
Armour         | 2 3 |  3.6
Axes           | 2 |  2.9
Dodging        | 1 |  1.2
Invocations    | 3 |  3.1
Fighting       | 4 |  4.0

Action                   |  1- 3 |  4- 6 || total
-------------------------+-------+-------++-------
Melee: Hand axe          |   121 |   190 ||   311
Invok: Depart the Abyss  |     1 |       ||     1
Evoke: Wand              |     1 |       ||     1
  Use: Scroll            |     2 |     6 ||     8
  Eat: Chunk             |    11 |    16 ||    27
Armor: Chain mail        |    87 |   164 ||   251
Dodge: Dodged            |    50 |    91 ||   141
